 Dungeon Crawl Stone Soup version 0.32-a0-953-g508020473e (webtiles) character file.

Game seed: 4349111558337395818

75 Autsider the Grasshopper (level 4, -2/23 HPs)
             Began as a Vine Stalker Warper on Apr 16, 2024.
             Slain by an iguana (9 damage)
             ... on level 4 of the Dungeon.
             The game lasted 00:04:35 (2380 turns).

Autsider the Grasshopper (Vine Stalker Warper)      Turns: 2380, Time: 00:04:35

Health: -2/23      AC:  3    Str: 13    XL:     4   Next: 31%
Magic:  0/8        EV: 10    Int: 13    God:
Gold:   119        SH:  0    Dex: 16    Spells: 5/7 levels left

rFire   . . .        h - +0 dagger (venom)
rCold   . . .        (no shield)
rNeg    . . .        b - +0 leather armour
rPois   .            (no helmet)
rElec   .            (no cloak)
rCorr   .            (no gloves)
SInv    .            (no boots)
Will    .....        (no amulet)
Stlth   ++           (no ring)
HPRegen 1.03/turn    (no ring)
MPRegen 0.11/turn

%: guardian spirit
@: no status effects
A: fangs 2, regeneration 1, magic shield, antimagic bite, no potion heal 2
a: no special abilities


You were on level 4 of the Dungeon.
You visited 1 branch of the dungeon, and saw 4 of its levels.

You collected 281 gold pieces.
You spent 162 gold pieces at shops.

Inventory:

Hand Weapons
 h - a +0 dagger of venom (weapon)
Missiles
 d - 7 darts of dispersal (quivered)
 k - 4 atropa-tipped darts
 s - 5 boomerangs
Armour
 b - a +0 leather armour (worn)
Jewellery
 q - an amulet of faith
Wands
 o - a wand of acid (10)
Scrolls
 c - a scroll of blinking
 e - 2 scrolls of torment
 l - 2 scrolls of teleportation
 n - a scroll of vulnerability
 t - a scroll of revelation
 u - a scroll of noise
Potions
 a - a potion of cancellation {unknown}
 f - 3 potions of magic
 g - 2 potions of resistance
 j - 2 potions of attraction {unknown}
 m - a potion of curing {unknown}
 p - a potion of heal wounds {unknown}
 r - a potion of lignification {unknown}


   Skills:
 + Level 2.7 Fighting
 + Level 2.6 Short Blades
 - Level 0.8 Throwing
 - Level 0.7 Armour
 - Level 1.5 Dodging
 + Level 2.5 Stealth
 + Level 2.4 Spellcasting
 - Level 3.0 Translocations


You had 5 spell levels left.
You knew the following spells:

 Your Spells              Type           Power      Damage    Failure   Level
z - Blink                 Tloc           18%        N/A       14%         2

Your spell library contained the following spells:

 Spells                   Type           Power      Damage    Failure   Level
 Lesser Beckoning         Tloc           18%        N/A       14%         2
 Maxwell's Portable Pile  Tloc           9%         2d(6-16)  26%         3
 Teleport Other           Tloc           9%         N/A       26%         3
 Vhi's Electric Charge    Tloc/Air       10%        N/A       86%         4


Dungeon Overview and Level Annotations

Branches:
Dungeon (4/15)
 Temple: D:4-7

Altars:
Nemelex Xobeh
Xom
Zin

Shops:
D:3 ?

Annotations:
D:4 1 runed translucent door, 1Anon's ghost, amateur MiFi


Innate Abilities, Weirdness & Mutations

You have extremely sharp teeth.
Your natural rate of healing is unusually fast.
When hurt, damage is shared between your health and your magic reserves.
Your bite disrupts and absorbs the magic of your enemies.
Potions cannot restore your health.


Message History

You barely miss the endoplasm.
The endoplasm is almost dead.
You hit the endoplasm but do no damage.
The endoplasm is almost dead.
You kill the endoplasm!
No target in view!
No target in view!
No target in view!
Done exploring.
Done exploring.
Done exploring.
Search for what [Enter for "boom", or ? for help]? .
There is a stone staircase leading down here.
You climb downwards.
Found 19 gold pieces.
Found a runed translucent door.
There is a stone staircase leading up here.
A giant cockroach is nearby!
Okay, then.
Found a stone staircase leading up.
The helpless giant cockroach fails to defend itself.
You puncture the giant cockroach!
You kill the giant cockroach!
There is a stone staircase leading up here.
You now have enough gold to buy a scroll of silence on D:3.
You can access your shopping list by pressing '$'.
You now have 119 gold pieces (gained 19).
The river rat squeaks loudly.
An iguana comes into view.
The iguana hisses angrily.
You closely miss the iguana. Your bite misses the iguana.
You hit the iguana but do no damage. The iguana bites you!
* * * LOW HITPOINT WARNING * * *
You hit the iguana.
The iguana is poisoned.
Your bite misses the iguana.
The iguana is lightly wounded.
The iguana bites you!
* * * LOW HITPOINT WARNING * * *
You hit the iguana but do no damage.
The iguana looks as sick as possible!
The iguana is lightly wounded.
The iguana bites you!
You die...

........$#..#
............#
#..........##
#...........#
##.........#
........####
...#....#### .
#.....l#.##
####....#@..#
~~W#....#...#
~~r+........#
~~~#.#.....####
####..........##
###.........#
#..##.....#
#..<..#..#
#.##..#..#


You could see an iguana (extremely poisoned).

Vanquished Creatures
  2 adders (D:3)
  A dart slug (D:1)
  2 ribbon worms (D:2)
  8 endoplasms
  3 giant cockroaches
  2 goblins
  4 hobgoblins
  5 jackals
  4 kobolds
  A quokka (D:1)
  6 ball pythons
  5 bats
  2 frilled lizards
  4 rats
49 creatures vanquished.

Vanquished Creatures (others)
  An adder (D:3)
1 creature vanquished.

Grand Total: 50 creatures vanquished

Notes
Turn   | Place    | Note
-------+----------+-------------------------------------------
     0 | D:1      | Autsider the Vine Stalker Warper began the quest for the
                  | Orb.
     0 | D:1      | Reached XP level 1. HP: 11/11 MP: 4/4
   263 | D:1      | Reached skill level 1 in Stealth
   299 | D:1      | Reached XP level 2. HP: 9/15 MP: 6/6
   875 | D:2      | Reached XP level 3. HP: 18/18 MP: 5/7
  1589 | D:2      | Learned a level 2 spell: Blink
  1635 | D:3      | Found a shimmering altar of Xom.
  1635 | D:3      | Noticed an angel
  1642 | D:3      | Found a glowing silver altar of Zin.
  1809 | D:3      | Found a sparkling altar of Nemelex Xobeh.
  1844 | D:3      | Reached XP level 4. HP: 14/23 MP: 4/8
  2190 | D:3      | Found Futir's Magic Scroll Emporium.
  2198 | D:3      | Bought a scroll of revelation for 90 gold pieces
  2198 | D:3      | Bought a scroll of identify for 24 gold pieces
  2198 | D:3      | Bought a scroll of teleportation for 36 gold pieces
  2198 | D:3      | Bought a scroll of noise for 12 gold pieces
  2352 | D:4      | Found a runed translucent door.
  2366 | D:4      | Noticed 1Anon's ghost (amateur MiFi)
  2380 | D:4      | Slain by an iguana

Illustrated notes

Levels and vault maps discovered:
D:1:      psy_arrival_radial02, layout_rooms, roderic_lattice_a
D:2:      layout_basic, minmay_gold_behind_fungi
D:3:      layout_loops_ring, mainiacjoe_overflow_six_doors_small,
          grunt_temple_overflow_order_and_chaos_1, serial_shops, shop
D:4:      layout_cave_pools, ebering_ghost_sewer_f

Skill      XL: |  1  2  3 |
---------------+----------+-----
Fighting       | 2 |  2.7
Short Blades   | 2 |  2.6
Stealth        | 1 2 |  2.5
Throwing       | |  0.8
Armour         | |  0.7
Dodging        | |  1.5
Spellcasting   | |  2.4
Translocations | |  3.0

Action                     |  1- 3 |  4- 6 || total
---------------------------+-------+-------++-------
  Melee: Short sword       |    28 |       ||    28
         Bite              |    32 |     8 ||    40
         Dagger            |    96 |    25 ||   121
    Use: Scroll            |     1 |     3 ||     4
   Stab: Sleeping          |     5 |     1 ||     6
 Armour: Leather armour    |    72 |    11 ||    83
  Dodge: Dodged            |    69 |     6 ||    75

Table legend: (Time is in decaauts)
 A = Elapsed time spent in this place.
 B = Non-inter-level travel time spent in this place.
 C = Inter-level travel time spent in this place.
 D = Time resting spent in this place.
 E = Time spent auto-exploring this place.
 F = Levels seen in this place.
 G = Mean time per level.
                   A        B        C        D        E       F      G
               +--------+--------+--------+--------+--------+-----+--------+
         Total |   2361 |   2268 |     93 |      6 |   1816 |   4 |  590.2 |
       Dungeon |   2361 |   2268 |     93 |      6 |   1816 |   4 |  590.2 |
               +--------+--------+--------+--------+--------+-----+--------+

Top non-repeatable levels by time:
     D:2: 804 daAuts
     D:1: 796 daAuts
     D:3: 733 daAuts
     D:4: 27 daAuts
